 Dungeon Crawl Stone Soup version 0.24-a0-434-gd57e52fea8 (webtiles) character file.

Game seed: 14049306749259686409

915 theanonym the Thaumaturge (level 7, -7/46 HPs)
             Began as a Mummy Necromancer on June 15, 2019.
             Mangled by a mummy (14 damage)
             ... in an ossuary.
             The game lasted 00:10:27 (6479 turns).

theanonym the Thaumaturge (Mummy Necromancer)       Turns: 6479, Time: 00:10:28

Health: -7/46      AC:  3    Str: 11    XL:     7   Next: 82%
Magic:  18/18      EV: 11    Int: 16    God:
Gold:   209        SH:  0    Dex: 13    Spells: 14/22 levels left

rFire    x . .     SeeInvis .   a - +1 whip (elec)
rCold    + + .     Gourm    .   (no shield)
rNeg     + + +     Faith    .   d - +0 leather armour
rPois    ∞         Spirit   .   (no helmet)
rElec    .         Reflect  .   (no cloak)
rCorr    .         Harm     .   (no gloves)
MR       .....                  (no boots)
Stlth    ++........             (no amulet)
HPRegen  0.15/turn              m - ring of protection from cold
MPRegen  0.16/turn              (no ring)

@: about to teleport, marked
A: no food or potions, fire vulnerability, cold resistance 1, negative energy
resistance 3, torment resistance, unbreathing
a: no special abilities


Innate Abilities, Weirdness & Mutations

You do not eat or drink.
Your flesh is vulnerable to fire.
You are immune to poison.
Your flesh is cold resistant. (rC+)
You are immune to negative energy. (rN+++)
You are immune to unholy pain and torment.
You can survive without breathing.


   Skills:
 - Level 1.5 Dodging
 - Level 1.5 Stealth
 + Level 8.0 Spellcasting
 + Level 7.5 Necromancy


You had 14 spell levels left.
You knew the following spells:

 Your Spells              Type           Power        Failure   Level  Hunger
a - Pain                  Necr           ####         1%          1    N/A
b - Animate Dead          Necr           N/A          7%          4    N/A
c - Vampiric Draining     Necr           ####......   1%          3    N/A

Your spell library contained the following spells:

 Spells                   Type           Power        Failure   Level  Hunger
 Animate Skeleton         Necr           N/A          1%          1    N/A
 Regeneration             Chrm/Necr      Unusable     N/A         3    N/A

Skill      XL: |  1  2  3  4  5  6  7 |
---------------+----------------------+-----
Spellcasting   | 3 4 5 7 8 |  8.0
Necromancy     | 5 7 |  7.5
Dodging        | |  1.5
Stealth        | |  1.5

Action                   |  1- 3 |  4- 6 |  7- 9 || total
-------------------------+-------+-------+-------++-------
Melee: Short sword       |    46 |     2 |       ||    48
       Dagger            |       |    21 |     6 ||    27
       Whip              |       |       |    71 ||    71
Throw: Throwing net      |       |     1 |       ||     1
 Cast: Pain              |    38 |   159 |     2 ||   199
       Animate Skeleton  |     7 |    12 |       ||    19
       Animate Dead      |       |     8 |     1 ||     9
       Vampiric Draining |       |     5 |     4 ||     9
Evoke: Wand              |       |     3 |     2 ||     5
  Use: Scroll            |       |       |     7 ||     7
 Stab: Sleeping          |       |     1 |     1 ||     2
Armor: Leather armour    |     9 |    17 |    26 ||    52
Dodge: Dodged            |    25 |    40 |    51 ||   116

Inventory:

Hand Weapons
 a - a +1 whip of electrocution (weapon)
Armour
 d - a +0 leather armour (worn)
Jewellery
 m - a ring of protection from cold (left hand)
Wands
 o - a wand of iceblast (3)
Scrolls
 b - a scroll of identify {unknown}
 c - a scroll of amnesia
 h - a scroll of magic mapping {unknown}
 i - a scroll of enchant weapon {unknown}
 j - a scroll of fear
 n - a scroll of remove curse
 t - 2 scrolls of teleportation
 B - 2 scrolls of blinking You were in an ossuary. You were not hungry. You visited 1 branch of the dungeon, and saw 5 of its levels. You also visited: Ossuary. You collected 209 gold pieces.

Dungeon Overview and Level Annotations

Branches:
Dungeon (5/15)
 Temple: D:4-7

Altars:
Dithmenos
Nemelex Xobeh
Okawaru
Ru
Trog
Uskayaw
Xom
Yredelemnul

Shops:
D:4 [

Annotations:
D:2 1 runed translucent door, Crazy Yiuf

#...##############...#
#...# ...# #...# #...#
#...# #...# #...#
....+####...# #...#
#.∩.....#...# #...#
#.......#...# #...#
#.Z.....#...#
#...#.####ZZ.....#...#
#...#.ZZ@MMZ.....#...#
#...#.####Z.####.#...#
#...# #.^# #...# #...#
#..# #...#
#...######.^######...#
#....................#
#........8..8........#
#....................#
#....................#


You could see 2 mummies, a rat zombie, 2 hobgoblin zombies, 2 kobold zombies, an
orc zombie and a human zombie.

Notes
Turn   | Place    | Note
-------+----------+-------------------------------------------
     0 | D:1      | theanonym the Mummy Necromancer began the quest for the
                  | Orb.
     0 | D:1      | Reached XP level 1. HP: 13/13 MP: 4/4
   129 | D:1      | Learned a level 1 spell: Animate Skeleton
   210 | D:1      | Reached skill level 3 in Spellcasting
   349 | D:1      | Reached XP level 2. HP: 17/19 MP: 3/6
   671 | D:2      | HP: 9/19 [orc (1)]
   683 | D:2      | HP: 4/19 [adder (2)]
   685 | D:2      | Reached XP level 3. HP: 6/24 MP: 0/8
  1011 | D:2      | HP: 12/24 [kobold (1)]
  1188 | D:2      | Learned a level 3 spell: Vampiric Draining
  1414 | D:2      | Reached skill level 4 in Spellcasting
  1552 | D:1      | HP: 12/24 [gnoll/+0 flail (7)]
  1554 | D:1      | Reached XP level 4. HP: 15/30 MP: 6/10
  1809 | D:2      | Learned a level 4 spell: Animate Dead
  1828 | D:2      | Reached skill level 5 in Necromancy
  2333 | D:2      | Found an iron altar of Okawaru.
  2430 | D:2      | Found a bloodstained altar of Trog.
  2681 | D:2      | Found a runed translucent door.
  2682 | D:2      | Noticed Crazy Yiuf
  3043 | D:3      | Reached XP level 5. HP: 35/35 MP: 2/12
  3134 | D:3      | Reached skill level 5 in Spellcasting
  3311 | D:3      | Found a shimmering altar of Xom.
  3313 | D:3      | Found a shimmering altar of Xom.
  3314 | D:3      | Found a shimmering altar of Xom.
  3314 | D:3      | Found a shimmering altar of Xom.
  3699 | D:3      | Found a shadowy altar of Dithmenos.
  3699 | D:3      | Found a hide-covered altar of Uskayaw.
  3700 | D:3      | Found a basalt altar of Yredelemnul.
  3848 | D:3      | Found a sacrificial altar of Ru.
  3912 | D:3      | Found a faded altar of an unknown god.
  4658 | D:4      | Found Akhing's Antique Armour Shoppe.
  4670 | D:4      | Reached XP level 6. HP: 41/41 MP: 9/14
  4705 | D:4      | Reached skill level 6 in Necromancy
  4789 | D:4      | Reached skill level 6 in Spellcasting
  4867 | D:4      | Found a sparkling altar of Nemelex Xobeh.
  4870 | D:4      | Noticed a slave
  4870 | D:4      | Noticed a slave
  4903 | D:4      | HP: 16/41 [slave[Pikel] (5)]
  4904 | D:4      | Killed a slave
  5219 | D:4      | Noticed a slave
  5223 | D:4      | Noticed Pikel
  5228 | D:4      | Noticed a slave
  5241 | D:3      | Killed a slave
  5412 | D:3      | HP: 20/41 [slave[Pikel] (4)]
  5414 | D:3      | Killed a slave
  5499 | D:4      | Killed Pikel
  5499 | D:4      | Reached skill level 7 in Spellcasting
  5499 | D:4      | Reached skill level 7 in Necromancy
  5499 | D:4      | Reached XP level 7. HP: 44/46 MP: 13/18
  6017 | D:5      | Entered Level 5 of the Dungeon
  6017 | D:5      | Found a sand-covered staircase.
  6031 | D:4      | HP: 21/46 [scorpion (9)]
  6037 | D:4      | HP: 16/46 [jackal (2)]
  6239 | Ossuary  | Entered an ossuary
  6252 | Ossuary  | Reached skill level 8 in Spellcasting
  6477 | Ossuary  | HP: 20/46 [human zombie (4)]
  6478 | Ossuary  | HP: 7/46 [mummy (14)]
  6479 | Ossuary  | Mangled by a mummy

Vanquished Creatures
  Pikel (D:4)
  3 slaves
  A bullfrog (D:4)
  2 scorpions (D:4)
  2 orc priests
  An iguana (D:4)
  A big kobold zombie (Ossuary)
  7 gnolls
  5 adders
  An ooze (D:2)
  2 worms
  A leopard gecko (D:2)
  11 orcs
  2 ball pythons (D:2)
  6 giant cockroaches
  10 goblins
  10 hobgoblins
  4 jackals
  6 quokkas
  5 bats
  3 frilled lizards
  A goblin zombie (Ossuary)
  5 hobgoblin zombies (Ossuary)
  5 kobolds
  10 kobold zombies (Ossuary)
  6 orc zombies (Ossuary)
  9 rats
120 creatures vanquished.

Vanquished Creatures (collateral kills)
  A worm (D:3)
1 creature vanquished.

Grand Total: 121 creatures vanquished

Table legend:
 A = Turns spent in this place as a percentage of turns spent in the entire game.
 B = Non-inter-level travel turns spent in this place as a percentage of non-inter-level travel turns spent in the entire game.
 C = Inter-level travel turns spent in this place as a percentage of turns spent in this place.
 D = Turns resting spent in this place as a percentage of non-inter-level travel turns spent in this place.
 E = Turns spent auto-exploring this place as a percentage of non-inter-level travel turns spent in this place.
 F = Non-inter-level travel turns spent in this place divided by the number of levels of this place that you've seen.
                   A       B       C       D       E      F
               +-------+-------+-------+-------+-------+----------------------
         Total | 100.0 | 100.0 |   3.5 |  42.1 |  42.2 | 1042.3
       Dungeon |  96.3 |  96.2 |   3.6 |  42.2 |  43.4 | 1202.8
       Ossuary |   3.7 |   3.8 |   0.0 |  40.0 |  10.4 | 240.0
               +-------+-------+-------+-------+-------+----------------------
